 Dungeon Crawl Stone Soup version 0.28.0-43-g3370ac3207 (webtiles) character file.

Game seed: 3889674927769114661

147 croobank the Skirmisher (level 5, -6/34 (47) HPs)
             Began as a Hill Orc Fighter on Mar 13, 2022.
             Succumbed to an orc wizard's poison
             ... on level 3 of the Dungeon on Mar 14, 2022.
             The game lasted 00:07:51 (1952 turns).

croobank the Skirmisher (Hill Orc Fighter)          Turns: 1952, Time: 00:07:52

HP:   -6/34 (47)    AC:  9    Str: 25    XL:     5   Next: 29%
MP:   5/5           EV:  7    Int:  8    God:
Gold: 85            SH:  0    Dex: 10    Spells: 4/4 levels left

rFire   x . .      SeeInvis .   o - +10 whip of Floods {elec, rF- Str+4}
rCold   . . .      Faith    .   c - +0 buckler
rNeg    . . .      Spirit   .   l - +0 chain mail
rPois   .          Reflect  .   (no helmet)
rElec   .          Harm     .   (no cloak)
rCorr   .          Rampage  .   (no gloves)
Will    .....                   (no boots)
Stlth   ..........              j - amulet of the acrobat
HPRegen 0.11/turn               (no ring)
MPRegen 0.09/turn               (no ring)

@: confused, mighty, lethally poisoned (-6 -> -38), very heavily drained
A: no striking features
a: no special abilities


You were on level 3 of the Dungeon.
You visited 1 branch of the dungeon, and saw 3 of its levels.

You collected 133 gold pieces.
You spent 48 gold pieces at shops.

Inventory:

Hand Weapons
 a - a +0 war axe
 b - a +0 hunting sling
 m - a +0 scimitar
 o - the +10 whip of Floods (weapon) {elec, rF- Str+4}
   (You found it on level 3 of the Dungeon)

   It occasionally discharges a powerful burst of electricity upon striking a
   foe.
   Str:       It affects your strength (+4).
   rF:        It makes you vulnerable to fire.
 q - the +6 mace "Meoro" {speed, *Slow rPois MP+9}
   (You found it on level 3 of the Dungeon)

   Attacks with this weapon are significantly faster.
   rPois:     It protects you from poison.
   MP:        It affects your magic capacity (+9).
   *Slow:     It may slow you when you take damage.
Missiles
 e - 34 sling bullets
 g - 29 stones (quivered)
 h - 21 arrows
 k - 6 javelins
Armour
 c - a +0 buckler (worn)
 l - a +0 chain mail (worn)
Jewellery
 j - an amulet of the acrobat (around neck)
Wands
 p - a wand of polymorph (10)
Scrolls
 f - 2 scrolls of teleportation
 i - a scroll of blinking
Potions
 d - a potion of might


   Skills:
 + Level 4.6 Fighting
 - Level 4.1(4.2) Axes
 + Level 0.1(2.0) Maces & Flails
 + Level 4.2 Armour
 + Level 4.2 Shields


You had 4 spell levels left.
You didn't know any spells.
Your spell library was empty.

Dungeon Overview and Level Annotations

Branches:
Dungeon (3/15)

Altars:
Dithmenos

Shops:
D:2 ?


Message History

The rat bites you but does no damage. The goblin barely misses you.
Something hits you but does no damage.
You feel drained. Something hits you.
You are lethally poisoned!
You closely miss something.
* * * LOW HITPOINT WARNING * * *
You feel very sick. The rat closely misses you. You block the goblin's attack.
Something hits you but does no damage.
You feel drained. Something hits you.
* * * LOW HITPOINT WARNING * * *
It was a potion of heal wounds.
You feel much better.
You feel very sick. The rat bites you. The goblin hits you but does no damage.
Something hits you but does no damage.
You feel drained.
You hear some strange, mumbled words.
You are confused.
You feel very mighty all of a sudden.
You feel very sick. The rat closely misses you.
The goblin hits you but does no damage. Something hits you.
You feel drained. Something hits you but does no damage.
You are lethally poisoned!
You're too confused to move!
You feel very sick. The rat bites you.
* * * LOW HITPOINT WARNING * * *
The goblin barely misses you. Something hits you but does no damage.
You feel drained. Something hits you.
* * * LOW HITPOINT WARNING * * *
You are more poisoned.
You are too confused!
You bump into the rock wall.
* * * LOW HITPOINT WARNING * * *
You feel very sick. The rat barely misses you.
The goblin hits you but does no damage. Something hits you but does no damage.
You feel drained. Something hits you.
* * * LOW HITPOINT WARNING * * *
You are more poisoned.
You whack something!
Reactivating autopickup.
You feel a bit more experienced.
You die...

.)...#
.....#.........####..
.......
...........#####
.......
..#............#
.......
.:#..........#.#
....... #..........#
....... #..........#
..##### #..........#
..## #rg........#
...# #@)..........
...#..
......)###.#.#....#
...#... ......o
.........# ........
....... ....#....
........ .#.....
...#.. ........
#..... ## ........
......# ........
...... ........


You could see an orc, a goblin and a rat.

Vanquished Creatures
  Terence (D:2)
  An orc wizard (D:3)
  5 gnolls
  An adder (D:2)
  2 worms (D:2)
  A dart slug (D:1)
  2 orcs (D:3)
  8 ball pythons
  5 endoplasms
  A goblin (D:1)
  2 hobgoblins
  10 jackals
  2 quokkas
  A bat (D:3)
  3 frilled lizards (D:1)
  3 kobolds
  7 rats
55 creatures vanquished.

Notes
Turn   | Place    | Note
-------+----------+-------------------------------------------
     0 | D:1      | croobank the Hill Orc Fighter began the quest for the Orb.
     0 | D:1      | Reached XP level 1. HP: 19/19 MP: 1/1
   143 | D:1      | Reached XP level 2. HP: 27/27 MP: 2/2
   185 | D:1      | Reached XP level 3. HP: 28/33 MP: 3/3
   671 | D:2      | Reached XP level 4. HP: 28/40 MP: 4/4
   914 | D:2      | Found Sead's Magic Scroll Emporium.
   924 | D:2      | Bought a scroll of identify for 24 gold pieces
   924 | D:2      | Bought a scroll of identify for 24 gold pieces
  1047 | D:2      | Found a faded altar of an unknown god.
  1157 | D:2      | Found a shadowy altar of Dithmenos.
  1417 | D:2      | Noticed Terence
  1424 | D:2      | Killed Terence
  1425 | D:2      | Reached XP level 5. HP: 43/47 MP: 5/5
  1833 | D:3      | Identified the +10 whip of Floods {elec, rF- Str+4}
  1932 | D:3      | Identified the +6 mace "Meoro" {speed, *Slow rPois MP+9}
  1951 | D:3      | HP: 1/34 [something (2)]
  1952 | D:3      | Succumbed to an orc wizard's poison

Illustrated notes

Levels and vault maps discovered:
D:1:      onia_arrival_handbag, layout_rooms, st_stairs_11
D:2:      layout_loops_corners, serial_shops, shop, basic_altar,
          basic_ecumenical_altar, uniq_terence
D:3:      layout_basic, gup_sewer_entry_bowl

Skill      XL: |  1  2  3  4 |
---------------+-------------+-----
Axes           | 3 4 |  4.1
Fighting       | 4 |  4.6
Shields        | 4 |  4.2
Armour         | 4 |  4.2
Maces & Flails | |  0.1

Action                   |  1- 3 |  4- 6 || total
-------------------------+-------+-------++-------
Melee: War axe           |    71 |    66 ||   137
       Whip              |       |    17 ||    17
 Fire: Hunting sling     |       |     2 ||     2
  Use: Scroll            |       |     3 ||     3
       Potion            |       |     2 ||     2
Armor: Scale mail        |    36 |     1 ||    37
       Chain mail        |       |    50 ||    50
Dodge: Dodged            |    32 |    45 ||    77
Block: Buckler           |    28 |    19 ||    47
